 Dungeon Crawl Stone Soup version 0.26.0-16-gc1dbca0489 (webtiles) character file.

Game seed: 13712479466954933997

96 NeAGen181 the Ducker (level 4, -6/49 HPs)
             Began as a Demigod Earth Elementalist on Jan 20, 2021.
             Mangled by an iguana (11 damage)
             ... on level 3 of the Dungeon.
             The game lasted 00:09:15 (2435 turns).

NeAGen181 the Ducker (Demigod Earth Elementalist)   Turns: 2435, Time: 00:09:16

Health: -6/49      AC:  3    Str: 11    XL:     4   Next: 18%
Magic:  9/9        EV: 15    Int: 21    God:
Gold:   49         SH:  0    Dex: 22    Spells: 2/6 levels left

rFire    . . .     SeeInvis .   d - +0 dagger
rCold    . . .     Faith    .   (no shield)
rNeg     . . .     Spirit   .   c - +0 robe
rPois    .         Reflect  .   m - +0 helmet
rElec    .         Harm     .   (no cloak)
rCorr    .         Rampage  .   (no gloves)
Will     .....                  (no boots)
Stlth    ..........             (no amulet)
HPRegen  0.16/turn              l - +6 ring of dexterity
MPRegen  0.11/turn              (no ring)

@: berserking (expiring), very quick
A: high mp 1
a: no special abilities


You were on level 3 of the Dungeon.
You visited 1 branch of the dungeon, and saw 3 of its levels.

You collected 49 gold pieces.

Inventory:

Hand Weapons
 d - a +0 dagger (weapon)
Missiles
 k - 5 javelins
Armour
 c - a +0 robe (worn)
 j - a +0 buckler
 m - a +0 helmet (worn)
Jewellery
 l - a +6 ring of dexterity (left hand)
Scrolls
 e - a scroll of immolation {unknown}
 g - a scroll of remove curse
 h - a scroll of magic mapping {unknown}
 i - a scroll of identify
Potions
 a - a potion of haste
 b - a potion of curing {unknown}
 f - a potion of berserk rage


   Skills:
 + Level 0.0 Fighting
 - Level 4.0 Dodging
 - Level 1.7 Stealth
 - Level 1.9 Spellcasting
 + Level 0.0 Conjurations
 - Level 0.8 Transmutations
 + Level 3.0 Earth Magic


You had 2 spell levels left.
You knew the following spells:

 Your Spells              Type           Power        Failure   Level
a - Sandblast             Erth           28%          4%          1
b - Stone Arrow           Conj/Erth      16%          24%         3

Your spell library contained the following spells:

 Spells                   Type           Power        Failure   Level
 Passwall                 Tmut/Erth      8%           10%         2
 Petrify                  Tmut/Erth      10%          54%         4
 Lee's Rapid Deconstruct  Erth           7%           75%         5


Dungeon Overview and Level Annotations

Branches:
Dungeon (3/15)


Innate Abilities, Weirdness & Mutations

You have an increased reservoir of magic. (+10% MP)


Message History

You hit the iguana but do no damage. The iguana bites you.
You closely miss the iguana. The iguana barely misses you.
You hit the iguana but do no damage. The iguana closely misses you.
You barely miss the iguana. The iguana bites you.
You hit the iguana but do no damage. The iguana bites you!
* * * LOW HITPOINT WARNING * * *
There is a stone staircase leading up here.
A red film seems to cover your vision as you go berserk!
You feel yourself moving faster!
You feel mighty! The iguana misses you.
You barely miss the iguana. You hit the iguana.
The iguana is lightly wounded.
The iguana bites you!
* * * LOW HITPOINT WARNING * * *
You closely miss the iguana.
The iguana is lightly wounded.
You hit the iguana.
The iguana is lightly wounded.
The iguana bites you!
You die...

. ....... .##
....>.. ..#
....... #.#
####[.....#
#.####........#
#.##...###.####
#.##.### #
#.l..# #@####
#......#
...####.# #.#
... #.. ...
....


You could see an iguana.

Vanquished Creatures
  6 adders (D:2)
  A leopard gecko (D:1)
  A ball python (D:2)
  4 giant cockroaches
  7 goblins
  5 hobgoblins
  6 kobolds
  3 quokkas (D:2)
  4 bats
  5 rats
42 creatures vanquished.

Notes
Turn   | Place    | Note
-------+----------+-------------------------------------------
     0 | D:1      | NeAGen181 the Demigod Earth Elementalist began the quest
                  | for the Orb.
     0 | D:1      | Reached XP level 1. HP: 14/14 MP: 5/5
     3 | D:1      | Noticed an electric eel
   627 | D:1      | Reached skill level 2 in Dodging
   678 | D:1      | Reached XP level 2. HP: 18/20 MP: 2/7
  1196 | D:2      | Reached XP level 3. HP: 24/26 MP: 8/8
  1212 | D:2      | Reached skill level 3 in Dodging
  1838 | D:2      | Reached XP level 4. HP: 32/33 MP: 9/9
  2105 | D:2      | Reached skill level 4 in Dodging
  2109 | D:2      | Learned a level 3 spell: Stone Arrow
  2435 | D:3      | Mangled by an iguana

Illustrated notes

Levels and vault maps discovered:
D:1:      arrival_aquarium_a, layout_rooms
D:2:      layout_loops_ring
D:3:      layout_rooms, tso_oasis_becter

Skill      XL: |  1  2  3  4 |
---------------+-------------+-----
Earth Magic    | 3 |  3.0
Dodging        | 2 3 4 |  4.0
Stealth        | |  1.7
Spellcasting   | |  1.9
Transmutations | |  0.8

Action                   |  1- 3 |  4- 6 || total
-------------------------+-------+-------++-------
Melee: Dagger            |    68 |    56 ||   124
       Unarmed           |     5 |       ||     5
 Cast: Sandblast         |    37 |     1 ||    38
  Use: Scroll            |     6 |       ||     6
       Potion            |       |     1 ||     1
 Stab: Sleeping          |     3 |     2 ||     5
Armor: Robe              |    12 |     6 ||    18
Dodge: Dodged            |    78 |    34 ||   112
